[Event "2026 Biel Blitz Open"]
[Site "Biel, CH"]
[Date "2026.07.19"]
[Round "12"]
[White "Vihaan Dumir"]
[Black "Liu, Bei"]
[Result "1-0"]
[Board "20"]
[TimeControl "180+2"]
[WhiteFideId "25901010"]
[BlackFideId "8603596"]
[WhiteElo "1965"]
[BlackElo "2170"]
[WhiteTitle "CM"]
[WhiteClock "0:00:02"]
[BlackClock "0:00:08"]
[Variant "Standard"]
[EndDate "2026.07.19"]
[EndTime "15:59:35"]

1. d4 d5 2. Bf4 Nf6 3. e3 e6 4. Nf3 Bd6 5. Ne5 O-O 6. Bd3 c5 7. c3 b6 8. h4 Ba6 9. Bxa6 Nxa6 10. h5 Qc7 11. Qf3 Ne8 12. h6 g6 13. Nd2 f6 14. Nd3 c4 15. Nc1 b5 16. Ne2 b4 17. e4 Qf7 18. exd5 exd5 19. Nxc4 Bxf4 20. Nxf4 bxc3 21. bxc3 Rc8 22. Nd2 Nec7 23. Kf1 Nb5 24. Nxd5 Nac7 25. Nxc7 Rxc7 26. Ne4 f5 27. Nc5 Qc4+ 28. Qe2 Qxe2+ 29. Kxe2 Nxc3+ 30. Kd3 Nd5 31. Ne6 Rc3+ 32. Kd2 Rfc8 33. Rac1 Rxc1 34. Rxc1 Rxc1 35. Kxc1 Nb4 36. Kd2 Nxa2 37. d5 Kf7 38. Ng5+ Kg8 39. d6 Nb4 40. d7 Nc6 41. Ne6 Kf7 42. d8=Q Nxd8 43. Nxd8+ Kf6 44. f4 g5 45. Ke3 Kg6 46. Ne6 g4 47. Nd4 a5 48. Kd3 Kxh6 49. Nxf5+ Kh5 50. g3 Kg6 51. Ne3 h5 52. Kc4 Kf6 53. Kb5 1-0

[Event "2026 Biel Blitz Open"]
[Site "Biel, CH"]
[Date "2026.07.19"]
[Round "12"]
[White "Osmani, Xhevdet"]
[Black "Maruntis, Patrik-Robert"]
[Result "0-1"]
[Board "21"]
[TimeControl "180+2"]
[WhiteFideId "22104569"]
[BlackFideId "1259997"]
[WhiteElo "1959"]
[BlackElo "2167"]
[WhiteClock "0:03:02"]
[BlackClock "0:00:09"]
[Variant "Standard"]
[EndDate "2026.07.19"]
[EndTime "16:05:33"]

1. d4 Nf6 2. Bf4 g6 3. e3 Bg7 4. Nf3 O-O 5. Be2 b6 6. h3 Bb7 7. Nbd2 d6 8. O-O Ne4 9. c3 Nd7 10. Rc1 c5 11. Qc2 Ndf6 12. Rfd1 Rc8 13. dxc5 bxc5 14. Bd3 Nxd2 15. Nxd2 Ba8 16. Be2 Qb6 17. Bg3 Qc6 18. Bf3 Qa6 19. Bxa8 Rxa8 20. a3 c4 21. Nf3 Rfc8 22. Nd4 Rab8 23. Rb1 e5 24. Nf3 Qc6 25. Nd2 Nd5 26. Re1 Bh6 27. Ne4 f5 28. Nd2 Nb6 29. f3 Qa4 30. Qc1 Nd7 31. Bf2 Nc5 32. Nf1 Nd3 33. Qd2 Nxe1 34. Bxe1 Qc6 35. Bf2 Rb5 36. Qe2 Rd5 37. g3 Rd3 38. g4 e4 39. f4 Kh8 40. gxf5 gxf5 41. Qh5 Rg8+ 42. Kh1 d5 43. Qxf5 Qg6 44. Ng3 Rd2 45. Be1 Qxf5 46. Nxf5 Rdg2 47. Bh4 R2g6 48. Ne7 0-1

[Event "2026 Biel Blitz Open"]
[Site "Biel, CH"]
[Date "2026.07.19"]
[Round "12"]
[White "Hakimifard, Ghazal"]
[Black "Havolli, Daut"]
[Result "1-0"]
[Board "22"]
[TimeControl "180+2"]
[WhiteFideId "12506540"]
[BlackFideId "1315200"]
[WhiteElo "2130"]
[BlackElo "1950"]
[WhiteTitle "WGM"]
[WhiteClock "0:00:31"]
[BlackClock "0:00:03"]
[Variant "Standard"]
[EndDate "2026.07.19"]
[EndTime "15:57:50"]

1. e4 c6 2. d4 d5 3. Nd2 e6 4. Ngf3 f5 5. exf5 exf5 6. Bd3 Nf6 7. O-O Be7 8. Ne5 O-O 9. Ndf3 Ne4 10. c4 Nd7 11. cxd5 cxd5 12. Qb3 Nxe5 13. Nxe5 Kh8 14. f3 Nf6 15. Bg5 b6 16. Nc6 Qd7 17. Bb5 a6 18. Nxe7 Qxe7 19. Rfe1 Qd6 20. Bd3 Bd7 21. Re5 h6 22. Bh4 Rae8 23. Rae1 Qc6 24. Qd1 b5 25. Qe2 Rxe5 26. dxe5 Nh5 27. Qe3 Be6 28. Rc1 Qd7 29. Qd4 f4 1-0

[Event "2026 Biel Blitz Open"]
[Site "Biel, CH"]
[Date "2026.07.19"]
[Round "12"]
[White "Harish, Neeraj"]
[Black "Filipovic, Branko"]
[Result "1-0"]
[Board "23"]
[TimeControl "180+2"]
[WhiteFideId "30958130"]
[BlackFideId "14507951"]
[WhiteElo "1920"]
[BlackElo "2109"]
[WhiteTitle "CM"]
[BlackTitle "IM"]
[WhiteClock "0:01:23"]
[BlackClock "0:00:21"]
[Variant "Standard"]
[EndDate "2026.07.19"]
[EndTime "15:56:29"]

1. e4 Nf6 2. e5 Nd5 3. c4 Nb6 4. d4 d6 5. f4 dxe5 6. fxe5 Bf5 7. Nc3 e6 8. Be3 Bb4 9. a3 Bxc3+ 10. bxc3 c5 11. Nf3 O-O 12. Be2 Nc6 13. O-O h6 14. Qd2 Na5 15. Qa2 Rc8 16. Rad1 Qe7 17. d5 Nd7 18. d6 Qd8 19. Qd2 Nc6 20. Bf4 Bh7 21. Qe3 b6 22. Nd2 Re8 23. Rf3 f5 24. Rg3 Kh8 25. Bh5 Rg8 26. Bf7 Nf8 27. Bxg8 Bxg8 28. Bxh6 g6 29. Bg5 Qd7 30. Bf6+ 1-0

[Event "2026 Biel Blitz Open"]
[Site "Biel, CH"]
[Date "2026.07.19"]
[Round "12"]
[White "Stefan, Romulus-Cristian"]
[Black "Garcia, Miguel"]
[Result "1-0"]
[Board "25"]
[TimeControl "180+2"]
[WhiteFideId "1232835"]
[BlackFideId "1317431"]
[WhiteElo "2048"]
[BlackElo "1938"]
[WhiteTitle "CM"]
[WhiteClock "0:01:50"]
[BlackClock "0:00:43"]
[Variant "Standard"]
[EndDate "2026.07.19"]
[EndTime "16:05:21"]

1. d4 Nf6 2. Nf3 g6 3. Bg5 Bg7 4. Nbd2 O-O 5. c3 h6 6. Bh4 d6 7. e4 c5 8. dxc5 dxc5 9. Be2 Nc6 10. O-O b6 11. Qc2 Bb7 12. Nc4 g5 13. Bg3 Nh5 14. Rad1 Qc8 15. Nfd2 Nxg3 16. hxg3 Rd8 17. Ne3 e6 18. Ndc4 Qc7 19. f4 a6 20. e5 b5 21. Nd6 Ne7 22. Bh5 Rf8 23. Nxb7 Qxb7 24. Bf3 Nc6 25. Ng4 Rfd8 26. Qe4 Rxd1 27. Rxd1 Rc8 28. Rd6 gxf4 29. gxf4 1-0

[Event "2026 Biel Blitz Open"]
[Site "Biel, CH"]
[Date "2026.07.19"]
[Round "12"]
[White "Materia, Matteo"]
[Black "Schweizer, Samuel"]
[Result "0-1"]
[Board "26"]
[TimeControl "180+2"]
[WhiteFideId "45150575"]
[BlackFideId "1325353"]
[WhiteElo "1881"]
[BlackElo "2006"]
[WhiteClock "0:01:33"]
[BlackClock "0:02:22"]
[Variant "Standard"]
[EndDate "2026.07.19"]
[EndTime "15:55:06"]

1. Nf3 g6 2. g3 Bg7 3. Bg2 d6 4. d4 e6 5. O-O h6 6. e4 Ne7 7. c3 a6 8. Ne1 Nbc6 9. f4 d5 10. e5 h5 11. Nc2 Nf5 12. Ne3 Nce7 13. Na3 Nxe3 14. Bxe3 Nf5 15. Bf2 Bf8 16. Nc2 Be7 17. Ne3 Nxe3 18. Bxe3 Bd7 19. Rf2 b6 20. c4 dxc4 21. Bxa8 Qxa8 22. Rc1 b5 23. b3 Qd5 24. bxc4 bxc4 25. Qc2 Bc6 26. Kf1 O-O 27. Qxc4 Bb5 28. Qxb5 axb5 29. Rxc7 Bb4 30. Rfc2 Rd8 31. Ra7 Qf3+ 32. Bf2 Qd1+ 0-1

[Event "2026 Biel Blitz Open"]
[Site "Biel, CH"]
[Date "2026.07.19"]
[Round "12"]
[White "Gireada, Daniel"]
[Black "Trubini, Timon"]
[Result "1-0"]
[Board "27"]
[TimeControl "180+2"]
[WhiteFideId "1206451"]
[BlackFideId "1347799"]
[WhiteElo "2148"]
[BlackElo "1788"]
[WhiteClock "0:00:28"]
[BlackClock "0:00:05"]
[Variant "Standard"]
[EndDate "2026.07.19"]
[EndTime "16:04:01"]

1. d4 d5 2. c4 e6 3. Nf3 c6 4. Nc3 dxc4 5. e4 b5 6. a4 Bb4 7. Bd2 a5 8. axb5 Bxc3 9. Bxc3 cxb5 10. b3 b4 11. Bxb4 Bb7 12. Bc3 Bxe4 13. Bxc4 Nf6 14. O-O O-O 15. Re1 Bd5 16. Ne5 Ne4 17. Bb2 Nd6 18. Qe2 Nd7 19. Ba3 Qc7 20. Rac1 Bxc4 21. bxc4 Rfd8 22. c5 Nf5 23. Qe4 Nf6 24. Qb1 Nxd4 25. c6 Rab8 26. Qa2 Nd5 27. Bc5 Nb3 28. Ba3 Nxc1 29. Bxc1 Nb4 30. Qc4 a4 31. h3 Nd5 32. Ba3 Rdc8 33. Qg4 f6 34. Nc4 Qxc6 35. Nd6 Rd8 36. Qxe6+ Kh8 37. Nf7+ Kg8 38. Nh6+ 1-0

[Event "2026 Biel Blitz Open"]
[Site "Biel, CH"]
[Date "2026.07.19"]
[Round "12"]
[White "Gluckman, David"]
[Black "Floure, Alexan"]
[Result "0-1"]
[Board "28"]
[TimeControl "180+2"]
[WhiteFideId "14300010"]
[BlackFideId "1346610"]
[WhiteElo "2240"]
[BlackElo "1960"]
[WhiteTitle "IM"]
[WhiteClock "0:00:15"]
[BlackClock "0:00:10"]
[Variant "Standard"]
[EndDate "2026.07.19"]
[EndTime "16:04:07"]

1. d4 d5 2. Nf3 Nf6 3. g3 c6 4. Bg2 g6 5. c4 Bg7 6. cxd5 cxd5 7. O-O O-O 8. Nc3 Nc6 9. Ne5 Qb6 10. Nxc6 bxc6 11. Na4 Qb5 12. b3 Bf5 13. Ba3 Rfe8 14. Rc1 Ne4 15. e3 Rac8 16. f3 Nf6 17. Qd2 h5 18. Rfd1 Bh6 19. f4 Ne4 20. Bxe4 Bxe4 21. Nc5 Bf5 22. Re1 Bf8 23. Qb4 e6 24. Qxb5 cxb5 25. Bb4 Bxc5 26. Bxc5 a6 27. Rc3 Rc6 28. Rec1 Rec8 29. Kf2 f6 30. Ke2 Kf7 31. Kd2 R8c7 32. b4 Be4 33. Ra1 g5 34. a4 Rb7 35. axb5 axb5 36. Rca3 Rcc7 37. Ra8 Kg6 38. h4 gxh4 39. gxh4 Kf5 40. Rh8 Bf3 41. Rg1 Bg4 42. Rf8 Rf7 43. Rxf7 Rxf7 44. Ra1 Rb7 45. Ra8 Ke4 46. Ra7 Rxa7 47. Bxa7 Kf3 48. Bc5 Kg3 49. Be7 Kxh4 50. Bxf6+ Kg3 51. Ke1 Bh3 52. f5 exf5 53. Be5+ Kg2 54. Bf4 h4 55. Ke2 Bg4+ 56. Ke1 h3 57. Be5 h2 58. Bxh2 Kxh2 59. Kf2 Kh3 60. Kg1 Kg3 0-1

[Event "2026 Biel Blitz Open"]
[Site "Biel, CH"]
[Date "2026.07.19"]
[Round "12"]
[White "Ragios, Konstantinos"]
[Black "Rohrer, Christophe"]
[Result "0-1"]
[Board "29"]
[TimeControl "180+2"]
[WhiteFideId "4210484"]
[BlackFideId "1326546"]
[WhiteElo "1957"]
[BlackElo "2216"]
[BlackTitle "FM"]
[WhiteClock "0:00:09"]
[BlackClock "0:00:43"]
[Variant "Standard"]
[EndDate "2026.07.19"]
[EndTime "16:04:29"]

1. e4 e5 2. Nf3 Nc6 3. Bb5 a6 4. Ba4 d6 5. O-O Bg4 6. c3 Qf6 7. d3 Nge7 8. Be3 Bxf3 9. Qxf3 Qxf3 10. gxf3 O-O-O 11. Nd2 d5 12. Bb3 d4 13. cxd4 exd4 14. Bf4 Ng6 15. Bg3 f6 16. Rac1 h5 17. h3 h4 18. Bh2 Bd6 19. Rfd1 Bxh2+ 20. Kxh2 Nf4 21. Nc4 Rh5 22. Bc2 b5 23. Nd2 Ne5 24. Rg1 Ne2 25. Rce1 Nxg1 26. Rxg1 Rg5 27. Rc1 Ng6 28. Bb3 Nf4 29. Bc2 Rg2+ 30. Kh1 Rxf2 0-1

[Event "2026 Biel Blitz Open"]
[Site "Biel, CH"]
[Date "2026.07.19"]
[Round "12"]
[White "Jud, Marc"]
[Black "Matsumura, Cocoro"]
[Result "0-1"]
[Board "30"]
[TimeControl "180+2"]
[WhiteFideId "1309099"]
[BlackFideId "36087114"]
[WhiteElo "1946"]
[BlackElo "2131"]
[BlackTitle "CM"]
[WhiteClock "0:00:16"]
[BlackClock "0:00:43"]
[Variant "Standard"]
[EndDate "2026.07.19"]
[EndTime "15:57:58"]

1. d4 d5 2. Nf3 Nf6 3. e3 c5 4. b3 Nc6 5. Bb2 cxd4 6. exd4 Bf5 7. Bd3 Bxd3 8. Qxd3 e6 9. O-O Bd6 10. h3 O-O 11. Nbd2 Rc8 12. Ne5 Nb4 13. Qb5 Rxc2 14. Ba3 Qb6 15. Qxb6 axb6 16. Ndf3 Ra8 17. Bc1 Raxa2 18. Rxa2 Nxa2 19. Be3 h6 20. Rb1 Nc3 21. Ra1 Ra2 22. Re1 Nfe4 23. Nd3 Ra3 24. b4 Na2 25. Nc1 Nxc1 26. Rxc1 Rc3 27. Rb1 Rc4 28. b5 Rb4 29. Rc1 Rxb5 30. Ne5 Bxe5 31. dxe5 Nc5 32. f4 Kf8 33. g4 Ke7 34. g5 Kd7 35. gxh6 gxh6 36. f5 exf5 37. Bxh6 Ke6 38. Bf4 Nd3 0-1

[Event "2026 Biel Blitz Open"]
[Site "Biel, CH"]
[Date "2026.07.19"]
[Round "12"]
[White "Alexakis, Dimitrios"]
[Black "Langner, Robin"]
[Result "0-1"]
[Board "31"]
[TimeControl "180+2"]
[WhiteFideId "4200527"]
[BlackFideId "34606190"]
[WhiteElo "1895"]
[BlackElo "2059"]
[WhiteClock "0:00:05"]
[BlackClock "0:00:06"]
[Variant "Standard"]
[EndDate "2026.07.19"]
[EndTime "15:58:26"]

1. e4 c5 2. Nf3 d6 3. d4 cxd4 4. Nxd4 Nf6 5. Nc3 a6 6. Bg5 e6 7. f4 h6 8. Bh4 Nbd7 9. Bd3 b5 10. a3 Bb7 11. Qe2 Be7 12. e5 dxe5 13. fxe5 Nd5 14. Bxe7 Nxc3 15. bxc3 Qxe7 16. O-O O-O 17. a4 bxa4 18. Rxa4 Qc5 19. Rb4 Qxc3 20. Rxb7 Qxd4+ 21. Kh1 Nxe5 22. Be4 a5 23. Rb3 Rad8 24. Rg3 g6 25. Bd3 Kh7 26. h3 a4 27. c3 Qc5 28. Bc2 a3 29. Bb1 Kg7 30. c4 Nxc4 31. Bxg6 fxg6 32. Qc2 Rxf1+ 0-1

[Event "2026 Biel Blitz Open"]
[Site "Biel, CH"]
[Date "2026.07.19"]
[Round "12"]
[White "Hajduk, Tomasz"]
[Black "Tkhoruk, Roman"]
[Result "0-1"]
[Board "32"]
[TimeControl "180+2"]
[WhiteFideId "21811415"]
[BlackFideId "34161589"]
[WhiteElo "1791"]
[BlackElo "2055"]
[WhiteClock "0:00:29"]
[BlackClock "0:01:11"]
[Variant "Standard"]
[EndDate "2026.07.19"]
[EndTime "15:57:19"]

1. e4 c6 2. d4 d5 3. e5 Bf5 4. Nc3 e6 5. g4 Bg6 6. Nge2 c5 7. h4 h6 8. Nf4 Bh7 9. Bd3 Bxd3 10. Qxd3 Nc6 11. Be3 Qb6 12. dxc5 Bxc5 13. Bxc5 Qxc5 14. O-O-O Nge7 15. Qb5 Qxb5 16. Nxb5 O-O 17. Rhe1 a6 18. Nc3 b5 19. g5 hxg5 20. hxg5 g6 21. Rd3 Kg7 22. a4 b4 23. Na2 a5 24. Kb1 Nf5 25. Nc1 Rh8 26. c3 Rh4 27. Ng2 Rg4 28. Ne3 Nxe3 29. Rexe3 Rxg5 30. cxb4 Nxb4 31. Rd4 Rg1 32. Rc3 Rh8 33. b3 Rhh1 34. Kb2 Rf1 35. Rf4 Rxc1 36. Rxc1 Rxc1 37. Kxc1 Nd3+ 0-1

[Event "2026 Biel Blitz Open"]
[Site "Biel, CH"]
[Date "2026.07.19"]
[Round "12"]
[White "El-Mais, Ibaa"]
[Black "Aryan Goyal"]
[Result "0-1"]
[Board "33"]
[TimeControl "180+2"]
[WhiteFideId "1312715"]
[BlackFideId "366108825"]
[WhiteElo "2012"]
[BlackElo "1748"]
[WhiteClock "0:00:05"]
[BlackClock "0:00:09"]
[Variant "Standard"]
[EndDate "2026.07.19"]
[EndTime "16:03:00"]

1. d4 Nf6 2. Nf3 e6 3. Bf4 d5 4. e3 Bd6 5. Bg3 O-O 6. Bd3 c5 7. c3 Qc7 8. Ne5 Nc6 9. f4 b6 10. Nd2 Bb7 11. Bh4 Be7 12. Bxf6 Bxf6 13. Qh5 g6 14. Qg4 cxd4 15. exd4 Ne7 16. h4 h5 17. Qe2 Nf5 18. Qf2 Qe7 19. g3 Bxe5 20. fxe5 f6 21. Bxf5 exf5 22. Nf3 Ba6 23. O-O-O b5 24. a3 Rac8 25. Kb1 Bb7 26. Rde1 a5 27. exf6 Qxf6 28. Ne5 Rc7 29. Qd2 Kg7 30. Re2 Ba6 31. Re3 Rb8 32. Nd3 b4 33. Nc5 Bc8 34. cxb4 axb4 35. axb4 f4 36. gxf4 Bf5+ 37. Nd3 Rbc8 38. Rhe1 Rc2 39. Qxc2 Rxc2 40. Kxc2 Qxh4 41. Kc3 Qd8 42. Re7+ Kh6 43. Nc5 h4 44. b5 Qa5+ 45. b4 Qxb5 46. Rb7 Qc4+ 47. Kb2 Qxd4+ 48. Ka3 Qc3+ 0-1

[Event "2026 Biel Blitz Open"]
[Site "Biel, CH"]
[Date "2026.07.19"]
[Round "12"]
[White "Python, Noe"]
[Black "Lupei, Denis"]
[Result "1-0"]
[Board "34"]
[TimeControl "180+2"]
[WhiteFideId "1337637"]
[BlackFideId "34611231"]
[WhiteElo "2010"]
[BlackElo "1890"]
[WhiteClock "0:01:03"]
[BlackClock "0:00:28"]
[Variant "Standard"]
[EndDate "2026.07.19"]
[EndTime "15:56:52"]

1. e4 c6 2. d4 d5 3. Nd2 dxe4 4. Nxe4 Nf6 5. Nxf6+ exf6 6. c3 Bd6 7. Bd3 O-O 8. Qc2 h5 9. Ne2 Re8 10. O-O Nd7 11. Ng3 h4 12. Nf5 Qc7 13. h3 g5 14. Qd1 Nf8 15. Nxd6 Qxd6 16. Qh5 Ne6 17. Re1 Bd7 18. Qh6 Nf8 19. Bxg5 1-0

[Event "2026 Biel Blitz Open"]
[Site "Biel, CH"]
[Date "2026.07.19"]
[Round "12"]
[White "Leuthold, Cyrill"]
[Black "Dietiker, Manuel"]
[Result "0-1"]
[Board "35"]
[TimeControl "180+2"]
[WhiteFideId "1333011"]
[BlackFideId "1317377"]
[WhiteElo "1887"]
[BlackElo "2002"]
[WhiteClock "0:00:03"]
[BlackClock "0:01:13"]
[Variant "Standard"]
[EndDate "2026.07.19"]
[EndTime "16:04:58"]

1. d4 Nf6 2. Nf3 g6 3. Nc3 Bg7 4. e4 d6 5. Be3 h6 6. Qd2 Nbd7 7. h3 a6 8. O-O-O e6 9. e5 Nd5 10. Nxd5 exd5 11. exd6 cxd6 12. Bf4 Nf6 13. Bd3 Be6 14. Rhe1 g5 15. Bh2 O-O 16. Kb1 Qd7 17. c3 b5 18. h4 g4 19. Ng1 Ne4 20. Bxe4 dxe4 21. d5 Bf5 22. Ka1 a5 23. Bf4 Kh7 24. Ne2 b4 25. Nd4 Bg6 26. h5 Bf5 27. Nxf5 Qxf5 28. g3 bxc3 29. bxc3 Rfc8 30. Rc1 Qf6 31. Re3 Rc4 32. Qb2 Rac8 33. Kb1 Qd8 34. Kc2 0-1

[Event "2026 Biel Blitz Open"]
[Site "Biel, CH"]
[Date "2026.07.19"]
[Round "12"]
[White "Haugner, Jan"]
[Black "Hirt, Markus"]
[Result "1-0"]
[Board "36"]
[TimeControl "180+2"]
[WhiteFideId "24655244"]
[BlackFideId "1302582"]
[WhiteElo "1976"]
[BlackElo "1880"]
[WhiteClock "0:01:13"]
[BlackClock "0:01:04"]
[Variant "Standard"]
[EndDate "2026.07.19"]
[EndTime "15:57:06"]

1. e4 Nf6 2. e5 Nd5 3. c4 Nb6 4. d4 d6 5. f4 g6 6. Nc3 Bg7 7. Be3 Be6 8. b3 O-O 9. Be2 c5 10. d5 Bc8 11. Nf3 e6 12. O-O exd5 13. cxd5 N8d7 14. Rc1 dxe5 15. fxe5 Nxe5 16. Bxc5 Re8 17. Bb5 Nbd7 18. Bd4 Nxf3+ 19. Rxf3 a6 20. Bxg7 Kxg7 21. Qd4+ Qf6 22. Rxf6 1-0

[Event "2026 Biel Blitz Open"]
[Site "Biel, CH"]
[Date "2026.07.19"]
[Round "12"]
[White "Kutonov, Yehor"]
[Black "Kwiatkowski, Maciej"]
[Result "0-1"]
[Board "37"]
[TimeControl "180+2"]
[WhiteFideId "1364804"]
[BlackFideId "1360175"]
[WhiteElo "1805"]
[BlackElo "1967"]
[WhiteClock "0:00:03"]
[BlackClock "0:00:55"]
[Variant "Standard"]
[EndDate "2026.07.19"]
[EndTime "15:57:28"]

1. d4 Nf6 2. c4 e6 3. Nf3 d5 4. Nc3 c6 5. e3 Be7 6. Qc2 O-O 7. Bd3 dxc4 8. Bxc4 Nbd7 9. O-O a6 10. a3 b5 11. Bd3 c5 12. e4 cxd4 13. Nxd4 Bb7 14. Nf3 Nc5 15. Rd1 Nxd3 16. Rxd3 Qc7 17. Re3 Rac8 18. h3 a5 19. Qe2 b4 20. Nb5 Qb6 21. Nbd4 Rfd8 22. Nc2 Qc6 23. Ncd4 Qb6 24. Nc2 Bc5 25. Rb3 Bxe4 26. Ne3 Bg6 27. axb4 axb4 28. Nc4 Qb5 29. Kf1 0-1

[Event "2026 Biel Blitz Open"]
[Site "Biel, CH"]
[Date "2026.07.19"]
[Round "12"]
[White "Damen, Josephine"]
[Black "Habibi, Ali"]
[Result "0-1"]
[Board "38"]
[TimeControl "180+2"]
[WhiteFideId "1074369"]
[BlackFideId "4604393"]
[WhiteElo "1766"]
[BlackElo "2116"]
[WhiteTitle "WCM"]
[BlackTitle "IM"]
[WhiteClock "0:00:07"]
[BlackClock "0:01:59"]
[Variant "Standard"]
[EndDate "2026.07.19"]
[EndTime "15:55:47"]

1. e4 c5 2. Nf3 a6 3. Nc3 e6 4. d4 cxd4 5. Nxd4 d6 6. Be3 Qc7 7. Qd2 Nf6 8. f3 Be7 9. O-O-O O-O 10. g4 b5 11. h4 Bb7 12. Bd3 Nbd7 13. h5 Ne5 14. g5 Nfd7 15. f4 Nxd3+ 16. Qxd3 Rfc8 17. g6 Nc5 18. gxh7+ Kh8 19. Qf1 b4 20. Nce2 Bxe4 21. Rg1 b3 22. c3 bxa2 23. Kd2 Bxh7 24. Qf2 Ne4+ 0-1

[Event "2026 Biel Blitz Open"]
[Site "Biel, CH"]
[Date "2026.07.19"]
[Round "12"]
[White "Jaggy, Enzo"]
[Black "Marinkovic, Zoran"]
[Result "0-1"]
[Board "39"]
[TimeControl "180+2"]
[WhiteFideId "1344919"]
[BlackFideId "1346083"]
[WhiteElo "1761"]
[BlackElo "2037"]
[WhiteClock "0:00:44"]
[BlackClock "0:00:16"]
[Variant "Standard"]
[EndDate "2026.07.19"]
[EndTime "16:04:44"]

1. d4 e6 2. Nf3 d5 3. e3 Nf6 4. Bd3 Nbd7 5. Nbd2 c5 6. c3 Bd6 7. O-O O-O 8. Re1 e5 9. dxe5 Nxe5 10. Nxe5 Bxe5 11. Nf3 Bc7 12. h3 h6 13. c4 Be6 14. cxd5 Bxd5 15. b3 Qd6 16. e4 Bxe4 17. Bxe4 Qxd1 18. Rxd1 Nxe4 19. Rd7 Rac8 20. Be3 Nf6 21. Re7 Nd5 22. Rd7 Nxe3 23. fxe3 Rfd8 24. Rad1 Rxd7 25. Rxd7 Kf8 26. Kf2 Ke8 27. Rd5 b6 28. Ne5 Bxe5 29. Rxe5+ Kd7 30. Kf3 c4 31. bxc4 Rxc4 32. Rd5+ Ke6 33. Rd8 Ra4 34. Rd2 f5 35. g4 g6 36. Rc2 Ke5 37. gxf5 gxf5 38. Rd2 Ra3 39. Rd8 Rxa2 40. Re8+ Kf6 41. Kf4 Ra4+ 42. Kf3 a5 43. Rh8 Kg7 44. Rb8 Rb4 45. Rb7+ Kg6 46. h4 a4 47. Ra7 b5 48. Ra5 Kh5 49. Kg3 Rg4+ 50. Kf3 Rb4 51. Kg3 Rb3 52. Kf4 a3 53. Kxf5 b4 54. Ke4+ Kxh4 55. Ra4 Rb2 56. Kd3 Kg5 57. e4 a2 58. Kc4 b3 59. Kc3 Rb1 0-1

[Event "2026 Biel Blitz Open"]
[Site "Biel, CH"]
[Date "2026.07.19"]
[Round "12"]
[White "Jehnichen, Kai"]
[Black "Filimonov, Arsenii"]
[Result "1-0"]
[Board "41"]
[TimeControl "180+2"]
[WhiteFideId "24684333"]
[BlackFideId "34171584"]
[WhiteElo "1952"]
[BlackElo "1735"]
[WhiteClock "0:01:42"]
[BlackClock "0:00:08"]
[Variant "Standard"]
[EndDate "2026.07.19"]
[EndTime "16:00:30"]

1. e4 c5 2. Nf3 e6 3. d4 cxd4 4. Nxd4 a6 5. Bd3 Qc7 6. Nc3 Nf6 7. Qe2 d6 8. O-O Be7 9. a4 Nbd7 10. a5 O-O 11. Kh1 Nc5 12. f4 e5 13. fxe5 dxe5 14. Nf5 Bxf5 15. Rxf5 Nxd3 16. Qxd3 Rad8 17. Qf3 Rd7 18. Bg5 Qc6 19. Rf1 Rfd8 20. Bxf6 Bxf6 21. Nd5 Rd6 22. Qg3 Kh8 23. c3 Rxd5 24. exd5 Rxd5 25. Qf3 Qe6 26. c4 Rd7 27. Qe4 Qc6 28. Qxc6 bxc6 29. g3 Rb7 30. R1f2 Rb4 31. Rc2 Ra4 32. Kg2 Rxa5 33. Rf1 Ra4 34. Rd1 Rb4 35. Rd7 Kg8 36. Rc7 g6 37. Rxc6 Kg7 38. Rxa6 e4 39. Ra2 Rb3 40. Re2 e3 41. Kf3 g5 42. Rxe3 Rb4 43. b3 h5 44. Ra4 Rb6 45. c5 Rb7 46. Rc4 g4+ 47. Ke4 Re7+ 48. Kd3 Rd7+ 49. Kc2 Bg5 50. Rd3 Re7 51. b4 Re2+ 52. Kb3 Rxh2 53. c6 Re2 54. c7 Re8 55. c8=Q Rxc8 56. Rxc8 1-0

[Event "2026 Biel Blitz Open"]
[Site "Biel, CH"]
[Date "2026.07.19"]
[Round "12"]
[White "Pinelli, Gian"]
[Black "Stevens, Christian"]
[Result "1-0"]
[Board "42"]
[TimeControl "180+2"]
[WhiteFideId "1348710"]
[BlackFideId "649090"]
[WhiteElo "1751"]
[BlackElo "1912"]
[WhiteClock "0:01:42"]
[BlackClock "0:01:13"]
[Variant "Standard"]
[EndDate "2026.07.19"]
[EndTime "16:01:16"]

1. d4 Nf6 2. c4 g6 3. Nc3 Bg7 4. e4 d6 5. Be2 O-O 6. Bg5 h6 7. Be3 e5 8. d5 a5 9. Qd2 Kh7 10. f3 Na6 11. g4 Nd7 12. h4 Ndc5 13. h5 g5 14. Nh3 f6 15. Nf2 Bd7 16. Bd1 Qe7 17. Bc2 c6 18. a3 b5 19. dxc6 Bxc6 20. cxb5 d5 21. exd5+ 1-0

[Event "2026 Biel Blitz Open"]
[Site "Biel, CH"]
[Date "2026.07.19"]
[Round "12"]
[White "Freuler, Roman"]
[Black "Boner, Timm"]
[Result "0-1"]
[Board "44"]
[TimeControl "180+2"]
[WhiteFideId "1304283"]
[BlackFideId "1330039"]
[WhiteElo "1852"]
[BlackElo "1705"]
[WhiteClock "0:00:11"]
[BlackClock "0:00:24"]
[Variant "Standard"]
[EndDate "2026.07.19"]
[EndTime "16:05:52"]

1. e4 e5 2. Nf3 Nc6 3. Bc4 Nf6 4. d3 d6 5. h3 Be7 6. O-O O-O 7. Be3 Na5 8. Bb3 Nxb3 9. axb3 d5 10. exd5 Qxd5 11. Rxa7 Rxa7 12. Bxa7 b6 13. Nc3 Qa5 14. Qa1 Qxa1 15. Rxa1 Bb7 16. Nb5 Rc8 17. Nxe5 h5 18. Nc4 Nd5 19. Re1 Bf6 20. c3 Bc6 21. Nxc7 Rxc7 22. Bxb6 Nxb6 23. Nxb6 Rb7 24. Nc4 Rxb3 25. Na5 Rb6 26. Nxc6 Rxc6 27. d4 Bg5 28. Kf1 Rb6 29. Re2 Bc1 30. b4 Rc6 31. Rc2 Ba3 32. Ke2 Bxb4 33. Kd3 Ba5 34. c4 Kf8 35. Re2 Re6 36. Ra2 Bc7 37. c5 g5 38. Kc4 Ke7 39. d5 Re4+ 40. Kb5 Kf6 41. Kc6 Be5 42. d6 Rd4 43. d7 Ke7 44. Re2 f6 45. g3 Kd8 46. Ra2 Ke7 47. Ra8 Rxd7 48. Ra2 g4 49. hxg4 hxg4 50. Ra4 Rc7+ 51. Kb5 f5 52. Ra2 Ke6 53. Re2 Kf6 54. Kb6 Rc8 55. c6 Rb8+ 56. Ka7 Bc7 57. Rd2 Ke6 58. Rd7 Be5 59. Rh7 Kd5 60. c7 Bxc7 61. Rxc7 Rb2 62. Rd7+ Ke6 63. Rd3 Rxf2 64. Kb6 Rf3 65. Rd2 Rxg3 66. Kc5 Re3 67. Kd4 Re1 68. Ra2 Kf6 69. Kd3 Kg5 70. Kd2 Re8 71. Ra4 g3 72. Ra7 f4 73. Rg7+ Kh4 74. Rg6 Kh3 75. Rf6 Kg4 76. Rg6+ Kf3 77. Rg7 g2 78. Rg6 Kf2 79. Rg4 f3 80. Rg7 g1=Q 0-1

[Event "2026 Biel Blitz Open"]
[Site "Biel, CH"]
[Date "2026.07.19"]
[Round "12"]
[White "Berezovskii, Arina"]
[Black "Gireada, Lucas"]
[Result "1-0"]
[Board "45"]
[TimeControl "180+2"]
[WhiteFideId "34449850"]
[BlackFideId "1373544"]
[WhiteElo "1851"]
[BlackElo "1651"]
[WhiteTitle "WCM"]
[WhiteClock "0:00:40"]
[BlackClock "0:00:46"]
[Variant "Standard"]
[EndDate "2026.07.19"]
[EndTime "16:06:00"]

1. e4 c5 2. Nf3 d6 3. c3 Nf6 4. h3 Nc6 5. Bd3 g6 6. Bc2 e5 7. d4 cxd4 8. cxd4 exd4 9. Nxd4 Bg7 10. Be3 O-O 11. O-O Re8 12. Nc3 d5 13. Nxc6 bxc6 14. Bg5 Qb6 15. Bxf6 Bxf6 16. exd5 Qxb2 17. Ne4 Qxa1 18. Qf3 Qxf1+ 19. Kxf1 Ba6+ 20. Kg1 Bg7 21. Nd6 Re1+ 22. Kh2 Be5+ 23. g3 Bxd6 24. dxc6 Rc8 25. Bb3 Re7 26. Qd5 Bb4 1-0